 Dungeon Crawl Stone Soup version 0.24.0-125-gc4c63601f3 (webtiles) character file.

Game seed: 9909376384050107585, levelgen mode: deterministic

458 Descartes the Magician (level 6, -1/32 HPs)
             Began as a Deep Elf Wizard on Mar 16, 2020.
             Killed from afar by an orc wizard (5 damage)
             ... with a magic dart
             ... on level 3 of the Dungeon.
             The game lasted 00:15:53 (5543 turns).

Descartes the Magician (Deep Elf Wizard)            Turns: 5543, Time: 00:15:54

Health: -1/32      AC:  3    Str:  4    XL:     6   Next: 77%
Magic:  19/24      EV: 11    Int: 25    God:
Gold:   148        SH:  8    Dex: 13    Spells: 6/15 levels left

rFire    . . .     SeeInvis .   A - +0 falchion
rCold    . . .     Gourm    .   C - +0 shield (curse)
rNeg     . . .     Faith    .   a - +0 robe
rPois    .         Spirit   .   b - +0 hat
rElec    .         Reflect  .   (no cloak)
rCorr    .         Harm     .   (no gloves)
MR       .....                  m - +0 pair of boots
Stlth    ++........             B - amulet of rage
HPRegen  0.10/turn              k - ring of magical power
MPRegen  0.19/turn              (no ring)

@: no status effects
A: no striking features
a: Evoke Berserk Rage


You were on level 3 of the Dungeon.
You were not hungry.

You visited 1 branch of the dungeon, and saw 4 of its levels.

You collected 148 gold pieces.

Inventory:

Hand Weapons
 A - a +0 falchion (weapon)
Missiles
 e - 91 stones (quivered)
 j - 59 arrows
Armour
 a - a +0 robe (worn)
 b - a +0 hat (worn)
 i - a +0 leather armour
 m - a +0 pair of boots (worn)
 q - a +0 buckler
 C - a cursed +0 shield (worn)
Jewellery
 k - a ring of magical power (left hand)
 B - an amulet of rage (around neck)
Wands
 w - a wand of acid (3)
 z - a wand of iceblast (9)
Scrolls
 g - 3 scrolls of identify
 n - a scroll of random uselessness {unknown}
 o - 2 scrolls of teleportation {unknown}
 r - 2 scrolls of immolation {unknown}
 s - a scroll of noise {unknown}
 t - a scroll of amnesia {unknown}
 u - 2 scrolls of enchant armour {unknown}
 x - a scroll of fear {unknown}
 y - a scroll of enchant weapon {unknown}
 D - 2 scrolls of remove curse
Potions
 c - a potion of degeneration {unknown}
 f - a potion of flight {unknown}
 h - a potion of might {unknown}
 l - a potion of mutation {unknown}
 p - 3 potions of curing
 v - 2 potions of resistance {unknown}
Comestibles
 d - 3 rations


   Skills:
 - Level 3.4 Dodging
 - Level 3.3 Stealth
 * Level 4.3 Shields
 - Level 5.0 Spellcasting
 + Level 2.9 Conjurations
   Level 1.1 Summonings
 - Level 1.5 Translocations
 - Level 1.0 Fire Magic


You had 6 spell levels left.
You knew the following spells:

 Your Spells              Type           Power        Failure   Level  Hunger
a - Magic Dart            Conj           ###.         10%         1    None
b - Blink                 Tloc           N/A          26%         2    None
c - Conjure Flame         Conj/Fire      ###.....     41%         3    ##.....
d - Mephitic Cloud        Conj/Pois/Air  ##......     54%         3    ##.....

Your spell library contained the following spells:

 Spells                   Type           Power        Failure   Level  Hunger
 Call Imp                 Summ           ##......     30%         2    None
 Slow                     Hex            #.......     43%         2    None


Dungeon Overview and Level Annotations

Branches:
Dungeon (4/15)
 Temple: D:4-7

Altars:
Nemelex Xobeh
Uskayaw
Zin
The Shining One


Message History

a +0 robe; a +0 dagger; an orc skeleton You hear some strange, mumbled words.
A magic dart appears from out of thin air!
The magic dart hits you!
* * * LOW HITPOINT WARNING * * *
You hit something. Something hits you.
* * * LOW HITPOINT WARNING * * *
You feel better. Something hits you but does no damage.
Casting: Magic Dart (safe; 10% risk of failure)
Confirm with . or Enter, or press ? or * to list all spells.
Okay, then.
Casting: Magic Dart (safe; 10% risk of failure)
Confirm with . or Enter, or press ? or * to list all spells.
Aiming: Magic Dart (safe; 10% risk of failure)
Press: ? - help, Shift-Dir - straight line The magic dart hits something.
Something hits you.
* * * LOW HITPOINT WARNING * * *
A magic dart appears from out of thin air!
The magic dart hits you.
You die...

######### ###
#.......# #.#
#.......# ### #.#
####......[# #.# #.#
#.....###### #.# #.#
#.###.# #.# #.# #.#
#.# #.# #.#
..###.#########.###.##
................@..>[#
#.###...........####.#
#...............# #.#
#.[...##..##.#.#####.#
#####................#
.......#.###.#.#######
#####........#.#
#....###.#.#
#....###.#.#


There were no monsters in sight!

Vanquished Creatures
  Eustachio (D:4)
  An ogre (D:4)
  Ijyb (D:3)
  2 orc wizards
  2 worker ants (D:4)
  3 adders
  An ooze (D:3)
  2 dart slugs
  4 leopard geckos
  6 orcs
  5 bats
  A giant cockroach (D:1)
  6 goblins
  9 hobgoblins
  11 jackals
  2 frilled lizards
  A jackal skeleton (D:4)
  5 kobolds
  10 rats
73 creatures vanquished.

Notes
Turn   | Place    | Note
-------+----------+-------------------------------------------
     0 | D:1      | Descartes the Deep Elf Wizard began the quest for the Orb.
     0 | D:1      | Reached XP level 1. HP: 10/10 MP: 7/7
   174 | D:1      | Reached XP level 2. HP: 15/15 MP: 6/9
   876 | D:1      | Reached XP level 3. HP: 19/19 MP: 1/11
  1957 | D:2      | Reached skill level 5 in Spellcasting
  2376 | D:2      | Learned a level 2 spell: Blink
  2380 | D:2      | Learned a level 3 spell: Conjure Flame
  2384 | D:2      | Learned a level 3 spell: Mephitic Cloud
  2746 | D:3      | Reached skill level 1 in Shields
  2746 | D:3      | Reached XP level 4. HP: 24/24 MP: 7/13
  3418 | D:3      | Found a hide-covered altar of Uskayaw.
  3507 | D:4      | Noticed Eustachio
  4069 | D:4      | Killed Eustachio
  4069 | D:4      | Reached XP level 5. HP: 14/28 MP: 0/14
  4332 | D:4      | Noticed an ogre
  4380 | D:3      | Reached XP level 6. HP: 28/32 MP: 15/15
  4445 | D:4      | Noticed Ijyb
  4467 | D:3      | Killed Ijyb
  4640 | D:4      | HP: 1/32 [ogre/+0 giant club (18)]
  4981 | D:4      | Reached skill level 1 in Fire Magic
  4982 | D:4      | Found a glowing silver altar of Zin.
  5080 | D:4      | Found a sparkling altar of Nemelex Xobeh.
  5234 | D:4      | Found a glowing golden altar of the Shining One.
  5539 | D:3      | HP: 1/32 [something (1)]
  5543 | D:3      | Killed from afar by an orc wizard

Levels and vault maps discovered:
D:1:      dpeg_arrival_shelter, layout_basic, nrook_mini_backslash,
          minmay_ruptured
D:2:      layout_basic
D:3:      layout_basic, lemuel_round_altar
D:4:      layout_layer_cave, grunt_temple_overflow_open, kennysheep_mini_moat,
          kennysheep_mini, minmay_box_of_dots, uniq_eustachio, uniq_ijyb

Skill      XL: |  1  2  3  4  5  6 |
---------------+-------------------+-----
Stealth        | 3 |  3.3
Dodging        | 3 |  3.4
Conjurations   | 2 |  2.9
Spellcasting   | 5 |  5.0
Shields        | 1 3 4 |  4.3
Fire Magic     | 1 |  1.0
Summonings     | |  1.1
Translocations | |  1.5

Action                   |  1- 3 |  4- 6 || total
-------------------------+-------+-------++-------
Melee: Dagger            |    13 |    11 ||    24
       Falchion          |       |     5 ||     5
 Cast: Magic Dart        |   127 |   138 ||   265
  Use: Scroll            |     1 |     2 ||     3
       Potion            |       |     1 ||     1
  Eat: Chunk             |     5 |     9 ||    14
Armor: Robe              |     6 |    22 ||    28
Dodge: Dodged            |    39 |    36 ||    75
Block: Buckler           |     4 |    12 ||    16
       Shield            |       |     5 ||     5
       Rpst.: Falchion   |       |     7 ||     7
